 Dungeon Crawl Stone Soup version 0.28-a0-10-g964c8b829e (webtiles) character file.

Game seed: 11730848714514731576

201 octoduck the Insei (level 5, -1/55 HPs)
             Began as a Demonspawn Transmuter on July 25, 2021.
             Slain by an adder (4 damage)
             ... on level 3 of the Dungeon.
             The game lasted 00:12:37 (4411 turns).

octoduck the Insei (Demonspawn Transmuter)          Turns: 4411, Time: 00:12:42

Health: -1/55      AC: 22    Str:  8 (11) XL:     5   Next: 50%
Magic:  8/8        EV: -1    Int: 14 (15) God:
Gold:   80         SH:  0    Dex: 11 (13) Spells: 7/8 levels left

rFire   . . .      SeeInvis .     - Unarmed
rCold   . . .      Faith    .   (no shield)
rNeg    + + +      Spirit   .   (armour currently unavailable)
rPois   +          Reflect  .   (helmet currently unavailable)
rElec   .          Harm     .   (cloak currently unavailable)
rCorr   .          Rampage  .   (gloves currently unavailable)
Will    +....      NoTele   +   (boots currently unavailable)
Stlth   +.........              (no amulet)
HPRegen 0.18/turn               (no ring)
MPRegen 0.11/turn               (no ring)

@: brilliant, lethally poisoned (-1 -> -4), tree-form, constricted
A: stationary, stasis, torment immunity, boosted hp, (horns 2), strong-willed 1
a: no special abilities


You were on level 3 of the Dungeon.
You were a tree.
You visited 1 branch of the dungeon, and saw 3 of its levels.

You collected 80 gold pieces.

Inventory:

Missiles
 b - 58 arrows
 k - 7 javelins
 l - 4 boomerangs
Armour
 a - a +0 robe (melded)
 h - a +0 leather armour
Scrolls
 g - a scroll of brand weapon {unknown}
 m - a scroll of identify
Potions
 c - a potion of lignification
 f - a potion of attraction
 i - a potion of mutation


   Skills:
 - Level 1.0 Fighting
 + Level 3.3 Dodging
 * Level 4.9 Unarmed Combat
 - Level 2.0 Spellcasting
 - Level 1.7 Transmutations


You had 7 spell levels left.
You knew the following spells:

 Your Spells              Type           Power      Damage    Failure   Level
a - Beastly Appendage     Tmut           18%        N/A       12%         1

Your spell library contained the following spells:

 Spells                   Type           Power      Damage    Failure   Level
 Wereblood                Tmut           9%         N/A       17%         2
 Spider Form              Tmut/Pois      2%         N/A       45%         3
 Ice Form                 Ice/Tmut       5%         N/A       86%         4


Dungeon Overview and Level Annotations

Branches:
Dungeon (3/15)

Altars:
Ashenzari
Uskayaw

Shops:
D:2 =[(   D:3 [

Annotations:
D:2 5 exclusions, Sigmund


Innate Abilities, Weirdness & Mutations

You are a tree.
Your roots penetrate the ground, keeping you stationary.
You cannot be teleported.
You are immune to unholy pain and torment.
Your maximum health is greatly increased.
Your equipment is partially melded.
((You have a pair of horns on your head.))
You are strong-willed. (Will+)


Message History

* * * LOW HITPOINT WARNING * * *
You are lethally poisoned!
The adder poisons you! The ball python bites you.
* * * LOW HITPOINT WARNING * * *
x2 The ball python constricts you.
Okay, then.
Really quaff the potion of lignification?
You turn into a tree.
Your +0 robe melds into your body.
Your roots penetrate the ground.
* * * LOW HITPOINT WARNING * * *
You feel very sick. The adder bites you but does no damage.
The ball python bites you but does no damage.
The ball python constricts you. The adder bites you but does no damage.
It was a potion of brilliance.
You feel clever all of a sudden.
* * * LOW HITPOINT WARNING * * *
You feel sick. The adder bites you but does no damage.
The ball python bites you but does no damage.
The ball python constricts you.
It was a potion of mutation.
You feel extremely strange.
You feel strong-willed.
* * * LOW HITPOINT WARNING * * *
You feel sick. The adder bites you but does no damage.
The ball python bites you but does no damage.
The ball python constricts you.
It was a potion of magic.
Magic courses through your body.
* * * LOW HITPOINT WARNING * * *
You feel sick. The adder bites you but does no damage.
The ball python bites you but does no damage.
The ball python constricts you. The adder bites you.
* * * LOW HITPOINT WARNING * * *
It was a potion of degeneration.
There was something very wrong with that liquid.
You feel weakened.
You feel dopey.
You feel clumsy.
* * * LOW HITPOINT WARNING * * *
You feel sick.
The ball python bites you but does no damage.
The ball python constricts you. The adder bites you.
You die...

..#.....# #.#'####+####+##
##'.##### #..............#
.)#.#### #...............
..#....# ##..............
..#.#.## ##'####'####+#.
..+.#.# #†.#.....# ..###†#
#..#.....# ..# #.# ####.....#
..# #.# #.♣#.....# ##+ #)#
#.SS.....+ ## ..# #.#
####'###+# ##≈ ..# #.# #..#
#≈≈ ### #.# #####..+ #≈≈ #
#.# #...#### ##+## #≈≈ #
#.########......#####...# ##≈
# #...............#...#...#
## #
########.########...#...#####


You could see an adder and a ball python.

Vanquished Creatures
  A jelly (D:3)
  4 gnolls
  6 adders
  2 worms
  3 dart slugs
  4 orcs (D:3)
  4 ball pythons
  8 endoplasms
  5 giant cockroaches
  5 goblins
  2 hobgoblins
  10 kobolds
  4 quokkas
  2 bats
  2 frilled lizards
  5 rats
67 creatures vanquished.

Notes
Turn   | Place    | Note
-------+----------+-------------------------------------------
     0 | D:1      | octoduck the Demonspawn Transmuter began the quest for the
                  | Orb.
     0 | D:1      | Reached XP level 1. HP: 15/15 MP: 3/3
   215 | D:1      | Reached skill level 3 in Unarmed Combat
   311 | D:1      | Mutation became permanent: You have a pair of small horns
                  | on your head. [demonic ancestry]
   311 | D:1      | Gained mutation: You have a pair of horns on your head.
                  | [demonic ancestry]
   311 | D:1      | Reached XP level 2. HP: 10/21 MP: 3/5
   838 | D:1      | Found a faded altar of an unknown god.
  1189 | D:2      | Found Ytzuam's Antique Weapon Shop.
  1235 | D:2      | Gained mutation: You have a pair of horns on your head.
                  | [demonic ancestry]
  1235 | D:2      | Reached XP level 3. HP: 26/26 MP: 4/6
  1469 | D:2      | Found a hide-covered altar of Uskayaw.
  1625 | D:2      | Noticed Sigmund
  2052 | D:2      | Found Haval's Jewellery Shop.
  2266 | D:1      | Reached skill level 4 in Unarmed Combat
  2266 | D:1      | Reached XP level 4. HP: 17/32 MP: 5/7
  2965 | D:3      | Found Ifiq's Antique Armour Shop.
  2980 | D:3      | Reached XP level 5. HP: 32/37 MP: 6/8
  3101 | D:2      | Found Ceugouz's Armour Boutique.
  3777 | D:3      | Found a broken altar of Ashenzari.
  4409 | D:3      | Gained mutation: You are strong-willed. (Will+) [potion of
                  | mutation]
  4411 | D:3      | Slain by an adder

Illustrated notes

Levels and vault maps discovered:
D:1:      ncdulo_watergridlock, layout_basic,
          hellmonk_ecumenical_altar_heavens_door
D:2:      layout_basic, basic_altar, serial_shops, shop, shop, shop,
          uniq_sigmund
D:3:      layout_basic, mainiacjoe_overflow_24_doors, serial_shops,
          nicolae_shop_waterfront, hangedman_abyss_or_decor_lesser_grid,
          minmay_snake_closets

Skill      XL: |  1  2  3  4 |
---------------+-------------+-----
Dodging        | 2 3 |  3.3
Unarmed Combat | 3 4 |  4.9
Fighting       | |  1.0
Spellcasting   | |  2.0
Transmutations | |  1.7

Action                   |  1- 3 |  4- 6 || total
-------------------------+-------+-------++-------
Melee: Unarmed           |    94 |   103 ||   197
       Kick              |    18 |    15 ||    33
       Headbutt          |    12 |    13 ||    25
       Punch             |     1 |       ||     1
 Cast: Beastly Appendage |    28 |    20 ||    48
  Use: Scroll            |     4 |       ||     4
       Potion            |       |     5 ||     5
Armor: Robe              |     8 |    15 ||    23
       Skin              |       |    10 ||    10
Dodge: Dodged            |    52 |    61 ||   113

Table legend: (Time is in decaauts)
 A = Elapsed time spent in this place.
 B = Non-inter-level travel time spent in this place.
 C = Inter-level travel time spent in this place.
 D = Time resting spent in this place.
 E = Time spent auto-exploring this place.
 F = Levels seen in this place.
 G = Mean time per level.
                   A        B        C        D        E       F      G
               +--------+--------+--------+--------+--------+-----+--------+
         Total |   4403 |   4122 |    281 |   1770 |   1387 |   3 | 1467.7 |
       Dungeon |   4403 |   4122 |    281 |   1770 |   1387 |   3 | 1467.7 |
               +--------+--------+--------+--------+--------+-----+--------+

Top non-repeatable levels by time:
     D:1: 1765 daAuts
     D:3: 1585 daAuts
     D:2: 1052 daAuts
